 Dungeon Crawl Stone Soup version 0.30-a0-377-g5cb311bc9f (webtiles) character file.

Game seed: 14821220364882960877

696 qeuew the Conjurer (level 7, -5/40 HPs)
             Began as a Tengu Conjurer on Nov 30, 2022.
             Slain by Blork the orc
             ... wielding a +0 halberd
              (11 damage)
             ... on level 4 of the Dungeon.
             The game lasted 00:07:21 (4852 turns).

qeuew the Conjurer (Tengu Conjurer)                 Turns: 4852, Time: 00:07:22

Health: -5/40      AC:  2    Str:  8 (10) XL:     7   Next: 64%
Magic:  4/14       EV: 16    Int: 17 (18) God:
Gold:   307        SH:  0    Dex: 12      Spells: 4/14 levels left

rFire   . . .      SeeInvis .    (no weapon)
rCold   + . .      Faith    .    (no shield)
rNeg    . . .      Spirit   .    a - +0 robe
rPois   +          Reflect  .    (helmet restricted)
rElec   .          Harm     .    (no cloak)
rCorr   .          Rampage  .    (no gloves)
Will    .....                    (boots unavailable)
Stlth   ++........               (no amulet)
HPRegen 0.26/turn                d - ring of poison resistance
MPRegen 0.14/turn                h - ring of protection from cold

@: flying quickly and evasively, quick
A: beak, talons 3, nimble flight
a: no special abilities


You were on level 4 of the Dungeon.
You visited 1 branch of the dungeon, and saw 4 of its levels.
You also visited: Ossuary.

You collected 307 gold pieces.

Inventory:

Armour
 a - a +0 robe (worn)
Jewellery
 d - a ring of poison resistance (left hand)
 h - a ring of protection from cold (right hand)
Wands
 f - a wand of charming (12)
Scrolls
 b - a scroll of fear
 j - a scroll of torment {unknown}
 l - a scroll of identify
 m - 2 scrolls of teleportation
 n - 2 scrolls of enchant weapon
 o - 2 scrolls of butterflies
 p - a scroll of summoning {unknown}
Potions
 c - a potion of resistance
 e - 2 potions of heal wounds
 g - 3 potions of brilliance
 i - 2 potions of might
 k - 2 potions of haste
 q - a potion of magic
 r - a potion of flight {unknown}


   Skills:
 + Level 2.5 Fighting
 * Level 3.7 Armour
 * Level 4.6 Dodging
 - Level 2.0 Stealth
 * Level 4.0 Spellcasting
 + Level 6.5 Conjurations
 + Level 2.1 Evocations


You had 4 spell levels left.
You knew the following spells:

 Your Spells              Type           Power      Damage    Failure   Level
a - Magic Dart            Conj           100%       1d8       1%          1
b - Searing Ray           Conj           50%        2d6       1%          2
c - Dazzling Flash        Conj/Hex       28%        N/A       12%         3
d - Iskenderun's Mystic   Conj/Tloc      14%        2d5       38%         4

Your spell library contained the following spells:

 Spells                   Type           Power      Damage    Failure   Level
 Necrotise                Necr           12%        1d4       16%         1
 Fulminant Prism          Conj/Hex       7%         3d7       38%         4
 Vampiric Draining        Necr           3%         2d6       43%         3
 Agony                    Necr           3%         N/A       99%         5


Dungeon Overview and Level Annotations

Branches:
Dungeon (4/15)            Ossuary (visited)
 Temple: D:4-7

Altars:
Elyvilon
Makhleb
Ru
Xom
Zin

Annotations:
D:4 Blork the orc


Innate Abilities, Weirdness & Mutations

You have a beak for a mouth.
You have claws for feet.
Your magical nature lets you fly swiftly and evasively.


Message History

The endoplasm freezes you.
You are frozen.
You resist.
Blork the orc looks satisfied for a moment.
The magic dart hits the endoplasm!
You kill the endoplasm!
Blork the orc completely misses you.
The magic dart hits the kobold.
You kill the kobold!
Blork the orc completely misses you.
Blork the orc looks encouraged for a moment.
Unknown command.
The magic dart hits Blork the orc!
Blork the orc is heavily wounded.
Blork the orc misses you.
The magic dart hits Blork the orc but does no damage.
Blork the orc is heavily wounded.
Blork the orc points at you and mumbles some strange words.
The puff of flame hits you!
Blork the orc hits you from afar with a +0 halberd!
You are too injured to fight recklessly!
Unknown command.
You are too injured to fight recklessly!
You are too injured to fight recklessly!
You are too injured to fight recklessly!
You are too injured to fight recklessly!
You are too injured to fight recklessly!
You are too injured to fight recklessly!
Casting: Magic Dart (safe; 1% risk of failure)
Confirm with . or Enter, or press ? or * to list all spells.
Aiming: Searing Ray (safe; 1% risk of failure)
Press: ? - help, Shift-Dir - straight line, f/p - Blork the orc
Aim: Blork the orc, wielding a +0 halberd and wearing a +0 robe (heavily wounded, fast, 82% to hit)
The searing ray hits Blork the orc.
Blork the orc is severely wounded. (Press . to maintain the ray.) Blork the orc hits you from afar with a +0 halberd!
* * * LOW HITPOINT WARNING * * *
The searing ray misses Blork the orc.
Blork the orc closely misses you.
Blork the orc hits you from afar with a +0 halberd!
You die...

##§.######
#<#..... ♣§§♣♣P.♣
###..#♣♣ ♣.P♣§♣.♣
P.P.♣♣ ♣
♣.♣♣♣♣.♣♣ ♣ ♣..PP
♣ ♣♣ ♣..♣ ♣.♣
♣.♣♣♣♣.P ♣.♣ ♣..♣
..P.♣.. ♣P.
♣.P.♣.P♣♣♣.P♣..P.
♣... ♣...♣P..8...
..... ♣..P@)o...#
...♣..
♣.P♣.........
......♣
♣PPP.♣...#...
..#..P
♣♣P.♣..P... .
♣P♣. ....P.# ♣..P
♣P....P. PP♣.
♣♣P.♣♣P P## ♣P.


You could see Blork the orc (fast).

Vanquished Creatures
  Grinder (D:3)
  A black bear (D:4)
  2 centaur zombies (Ossuary)
  A human zombie (Ossuary)
  A jelly (D:4)
  3 orc wizards
  A hound zombie (Ossuary)
  3 mummies (Ossuary)
  4 adders
  An ufetubus (D:2)
  An adder zombie (Ossuary)
  3 worms
  3 dart slugs
  9 orcs
  9 endoplasms
  6 giant cockroaches
  2 gnoll zombies (Ossuary)
  4 goblins
  2 hobgoblins
  10 kobolds
  3 quokkas
  6 ball pythons
  4 bats
  7 frilled lizards
  5 goblin zombies (Ossuary)
  3 hobgoblin zombies (Ossuary)
  4 jackal zombies (Ossuary)
  2 kobold zombies (Ossuary)
  2 orc zombies (Ossuary)
  4 quokka zombies (Ossuary)
  10 rats
  7 rat zombies (Ossuary)
124 creatures vanquished.

Vanquished Creatures (others)
  A plant (D:4)
1 creature vanquished.

Grand Total: 125 creatures vanquished

Notes
Turn   | Place    | Note
-------+----------+-------------------------------------------
     0 | D:1      | qeuew the Tengu Conjurer began the quest for the Orb.
     0 | D:1      | Reached XP level 1. HP: 10/10 MP: 4/4
   187 | D:1      | Reached XP level 2. HP: 16/16 MP: 3/6
   250 | D:1      | Learned a level 2 spell: Searing Ray
  1153 | D:2      | Reached skill level 1 in Armour
  1181 | D:2      | Reached XP level 3. HP: 20/20 MP: 5/7
  1190 | D:2      | Reached skill level 1 in Fighting
  1470 | D:2      | Reached XP level 4. HP: 10/25 MP: 0/8
  2111 | D:3      | Gained mutation: Your magical nature lets you fly swiftly
                  | and evasively. [Tengu growth]
  2111 | D:3      | Reached XP level 5. HP: 29/29 MP: 8/10
  2119 | D:3      | Learned a level 3 spell: Dazzling Flash
  2362 | D:3      | Reached skill level 1 in Evocations
  2477 | D:3      | Found a shimmering altar of Xom.
  2498 | D:3      | Noticed Grinder
  2516 | D:3      | Paralysed by Grinder for 3 turns
  2530 | D:3      | Killed Grinder
  2531 | D:3      | Reached skill level 6 in Conjurations
  2531 | D:3      | Reached XP level 6. HP: 30/35 MP: 0/12
  3116 | D:4      | Found a sacrificial altar of Ru.
  3116 | D:4      | Found a glowing silver altar of Zin.
  3116 | D:4      | Found a white marble altar of Elyvilon.
  3221 | D:4      | Found a sand-covered staircase.
  3227 | D:4      | Noticed a black bear
  3240 | Ossuary  | Entered an ossuary
  3300 | Ossuary  | Reached XP level 7. HP: 19/40 MP: 3/13
  4450 | D:4      | Learned a level 4 spell: Iskenderun's Mystic Blast
  4798 | D:4      | Found a burning altar of Makhleb.
  4840 | D:4      | Noticed Blork the orc
  4852 | D:4      | Slain by Blork the orc

Illustrated notes

Levels and vault maps discovered:
D:1:      matt_arrival_los_fun, layout_rooms, serial_bayou, serial_bayou_pond_a,
          serial_bayou_crossing, serial_bayou_lake_a, serial_bayou_pond_c,
          chequers_serial_rivers_micro_d, serial_bayou_lagoon_b
D:2:      minmay_chambers_of_twos, layout_basic
D:3:      layout_basic, lemuel_crystal_altar, minmay_bisected, uniq_grinder
D:4:      wad_woods_stonehenge, layout_basic,
          chequers_temple_overflow_statue_of_worship, lightli_temple_of_fire,
          nicolae_ossuary_entry_false_entrances, minivault_5,
          corexii_checkpoint_a, dreamdust_princess_bridge, uniq_blork_the_orc

Skill      XL: |  1  2  3  4  5  6  7 |
---------------+----------------------+-----
Armour         | 1 2 3 |  3.7
Fighting       | 1 2 |  2.5
Dodging        | 3 4 |  4.6
Evocations     | 1 2 |  2.1
Spellcasting   | 3 4 |  4.0
Conjurations   | 6 |  6.5
Stealth        | |  2.0

Action                   |  1- 3 |  4- 6 |  7- 9 || total
-------------------------+-------+-------+-------++-------
Melee: Unarmed           |    10 |    31 |    18 ||    59
       Kick              |     4 |    14 |     7 ||    25
       Peck              |     1 |     6 |     2 ||     9
 Cast: Magic Dart        |    51 |   109 |   137 ||   297
       Searing Ray       |     1 |     2 |     3 ||     6
  Use: Scroll            |     6 |     5 |       ||    11
       Potion            |       |     4 |       ||     4
Armor: Robe              |     4 |     8 |    10 ||    22
Dodge: Dodged            |    17 |    45 |    72 ||   134

Table legend: (Time is in decaauts)
 A = Elapsed time spent in this place.
 B = Non-inter-level travel time spent in this place.
 C = Inter-level travel time spent in this place.
 D = Time resting spent in this place.
 E = Time spent auto-exploring this place.
 F = Levels seen in this place.
 G = Mean time per level.
                   A        B        C        D        E       F      G
               +--------+--------+--------+--------+--------+-----+--------+
         Total |   4817 |   4730 |     87 |      3 |   3993 |   5 |  963.4 |
       Dungeon |   3641 |   3554 |     87 |      3 |   3041 |   4 |  910.2 |
       Ossuary |   1176 |   1176 |      0 |      0 |    951 |   1 | 1176.0 |
               +--------+--------+--------+--------+--------+-----+--------+

Top non-repeatable levels by time:
 Ossuary: 1176 daAuts
     D:1: 1128 daAuts
     D:2: 1031 daAuts
     D:3: 965 daAuts
     D:4: 515 daAuts
